 Dungeon Crawl Stone Soup version 0.30.2 (webtiles) character file.

Game seed: 14183243169492455036

46 porpoise the Trooper (level 3, -3/29 HPs)
             Began as a Demonspawn Fighter on Apr 15, 2024.
             Succumbed to a gnoll's poison
             ... on level 2 of the Dungeon.
             The game lasted 00:02:43 (890 turns).

porpoise the Trooper (Demonspawn Fighter)            Turns: 890, Time: 00:02:44

Health: -3/29      AC:  6    Str: 18    XL:     3   Next: 44%
Magic:  12/12      EV:  9    Int:  9    God:
Gold:   76         SH:  4    Dex: 12    Spells: 2/2 levels left

rFire   . . .        a - +0 war axe
rCold   . . .        c - +0 buckler
rNeg    . . .        b - +0 scale mail
rPois   .            (no helmet)
rElec   .            (no cloak)
rCorr   .            (no gloves)
SInv    .            (no boots)
Will    .....        (no amulet) Stlth
                     m - ring of magical power
HPRegen 0.24/turn    (no ring)
MPRegen 0.13/turn

%: no passive effects
@: brilliant, lethally poisoned (-3 -> -27)
A: powered by pain 1, demonic magic 1
a: no special abilities


You were on level 2 of the Dungeon.
You visited 1 branch of the dungeon, and saw 2 of its levels.

You collected 76 gold pieces.

Inventory:

Hand Weapons
 a - a +0 war axe (weapon)
Missiles
 e - 3 curare-tipped darts (quivered)
Armour
 b - a +0 scale mail (worn)
 c - a +0 buckler (worn)
Jewellery
 m - a ring of magical power (left hand)
Scrolls
 f - a scroll of enchant weapon {unknown}
 h - a scroll of fear {unknown}
 i - a scroll of teleportation
 k - a scroll of poison {unknown}
 l - a scroll of identify {unknown}
 n - a scroll of acquirement {unknown}
Potions
 d - a potion of might
 g - 2 potions of brilliance
 j - a potion of heal wounds {unknown}


   Skills:
 + Level 3.4 Fighting
 * Level 2.8 Axes
 - Level 2.6 Armour
 + Level 3.1 Shields


You had 2 spell levels left.
You didn't know any spells.
Your spell library was empty.

Dungeon Overview and Level Annotations

Branches:
Dungeon (2/15)

Altars:
Fedhas

Shops:
D:1 :


Innate Abilities, Weirdness & Mutations

You sometimes gain a little power by taking damage.
Spells you cast may paralyse adjacent enemies.


Message History

The jackal is almost dead.
The jackal barely misses you. You block the jackal's attack.
You slash the jackal!
You kill the jackal!
The jackal bites you but does no damage.
You slash the jackal!
You kill the jackal!
You block the jackal's attack.
You slash the jackal!
You kill the jackal!
The jackal closely misses you.
You hit the jackal.
You kill the jackal!
You start resting.
HP restored.
Items here: ††††††.
A gnoll comes into view. It is wielding a +0 whip.
The gnoll shouts!
A gnoll comes into view. It is wielding a +2 spear of venom.
A gnoll comes into view. It is wielding a +0 club.
Found a blossoming altar of Fedhas.
Found a stone staircase leading down.
The gnoll shouts! x2; You hear a shout!
A gnoll comes into view. It is wielding a +0 heavy halberd.
The gnoll hits you but does no damage. The gnoll closely misses you.
The gnoll hits you from afar with a +2 spear of venom!
You are poisoned.
You hit the gnoll.
The gnoll is lightly wounded.
You hit the gnoll.
You feel very sick. The gnoll hits you with a +0 whip.
The gnoll closely misses you. The gnoll hits you with a +0 club.
The gnoll hits you from afar with a +2 spear of venom!
* * * LOW HITPOINT WARNING * * *
You are more poisoned.
The gnoll hits you with a +0 whip.
* * * LOW HITPOINT WARNING * * *
It was a potion of brilliance.
You feel clever all of a sudden.
You die...

#.# #....###### #.#
#.# #....# .. #.#
#.###....#.#######.# #
#..................#
#.#####...##.#######.#
#.#####...##.#........
#............#.......#
#...............######
#....@g.....†..##
#.....g........#
#.###g.........# #.
.g######.#.## . ....
#......# . g....
#......# .......
#......# .>......
#......#
#...._...##......#


You could see 4 gnolls.

Vanquished Creatures
  An adder (D:2)
  3 bats (D:1)
  2 endoplasms (D:1)
  2 giant cockroaches (D:1)
  2 goblins
  4 hobgoblins (D:1)
  8 jackals (D:2)
  A quokka (D:1)
  2 ball pythons
  4 frilled lizards
  3 kobolds (D:1)
  2 rats (D:1)
34 creatures vanquished.

Notes
Turn   | Place    | Note
-------+----------+-------------------------------------------
     0 | D:1      | porpoise the Demonspawn Fighter began the quest for the
                  | Orb.
     0 | D:1      | Reached XP level 1. HP: 18/18 MP: 1/1
    80 | D:1      | Found Woddy's Book Emporium.
   114 | D:1      | Gained mutation: Spells you cast may paralyse adjacent
                  | enemies. [demonic ancestry]
   114 | D:1      | Reached XP level 2. HP: 24/24 MP: 2/2
   806 | D:2      | Gained mutation: You sometimes gain a little power by
                  | taking damage. [demonic ancestry]
   806 | D:2      | Reached XP level 3. HP: 27/29 MP: 3/3
   883 | D:2      | Found a blossoming altar of Fedhas.
   890 | D:2      | Succumbed to a gnoll's poison

Illustrated notes

Levels and vault maps discovered:
D:1:      minmay_arrival_cross, layout_rooms, serial_shops, shop_fountains
D:2:      layout_basic, basic_altar

Skill      XL: |  1  2 |
---------------+-------+-----
Axes           | 2 |  2.8
Shields        | 3 |  3.1
Fighting       | |  3.4
Armour         | |  2.6

Action                     || total
---------------------------++-------
  Melee: War axe           ||    86
    Use: Scroll            ||     1
         Potion            ||     1
 Armour: Scale mail        ||    44
  Dodge: Dodged            ||    50
  Block: Buckler           ||    21
